 Dungeon Crawl Stone Soup version 0.18.1-48-g4cf74bf (webtiles) character file.

4876 Puuhinen the Covert (level 10, -1/68 HPs)
             Began as an Octopode Assassin on July 20, 2016.
             Was a Follower of Dithmenos.
             Slain by a troll (7 damage)
             ... on level 10 of the Dungeon.
             The game lasted 01:20:19 (12388 turns).

Puuhinen the Covert (Octopode Assassin)            Turns: 12388, Time: 01:20:21

Health: -1/68      AC:  1    Str: 13    XL:     10   Next: 50%
Magic:  16/16      EV: 15    Int: 14    God:    Dithmenos [*.....]
Gold:   331        SH:  0    Dex: 14    Spells: 1 memorised, 16 levels left

rFire  . . .     SeeInvis .     a - +3 dagger
rCold  . . .     Gourm    .     (no shield)
rNeg   . . .     Faith    .     (helmet restricted)
rPois  .         Spirit   .     h - amulet of magic regeneration
rElec  .         Dismiss  .     k - +2 ring of strength
rCorr  +         Reflect  .     o - ring of resist corrosion
SustAt .         Harm     .     H - ring of flight
MR     .....                    (no ring)
Stlth  ++++++++..               (no ring)
                                (no ring)
                                (no ring)
                                (no ring)

@: wreathed by umbra, not resistant to hostile enchantments, extraordinarily
stealthy
A: almost no armour, amphibious, 8 rings, constrict 8, camouflage 1, clumsy 1,
gelatinous body 1, subdued magic 1
a: Renounce Religion, Evoke Flight


You were on level 10 of the Dungeon.
You worshipped Dithmenos.
Dithmenos was aware of your devotion.
You were not hungry.

You visited 2 branches of the dungeon, and saw 11 of its levels.

You collected 583 gold pieces.
You spent 252 gold pieces at shops.

Inventory:

Hand Weapons
 a - a +3 dagger (weapon)
 b - a +1 blowgun
 y - a +0 hunting sling
 A - a +3 dagger of electrocution
Missiles
 g - 2 tomahawks of returning (quivered)
 j - 18 poisoned needles
 x - 52 sling bullets
 F - a curare-tipped needle
 G - 7 tomahawks
 I - a throwing net
Jewellery
 d - an uncursed amulet of rage
 h - an amulet of magic regeneration (around mantle)
 i - an uncursed ring of fire
 k - a +2 ring of strength (left tentacle)
 o - a ring of resist corrosion (right tentacle)
 H - a ring of flight (on tentacle)
Wands
 s - a wand of lightning (0/15)
 t - a wand of paralysis (0/24)
 E - a wand of lightning (4/15)
 M - a wand of teleportation (5/9)
Scrolls
 l - 3 scrolls of teleportation
 n - 3 scrolls of recharging
 p - a scroll of immolation {unknown}
 q - 2 scrolls of remove curse
 u - a scroll of fog {unknown}
 w - a scroll of random uselessness {unknown}
 J - a scroll of noise {unknown}
 K - a scroll of magic mapping {unknown}
 L - a scroll of fear
Potions
 c - a potion of flight
 m - 4 potions of curing
 z - a potion of cure mutation
 B - a potion of lignification
 D - a potion of heal wounds
Books
 e - a book of Necromancy

   Spells                             Type                      Level
   a - Pain                           Necromancy                   1
   b - Animate Skeleton               Necromancy                   1
   c - Vampiric Draining              Necromancy                   3
   d - Regeneration                   Charms/Necromancy            3
   e - Animate Dead                   Necromancy                   4
   f - Control Undead                 Necromancy                   4
 r - a Young Poisoner's Handbook

   Spells                             Type                      Level
   a - Sting                          Conjuration/Poison           1
   b - Cure Poison                    Poison                       2
   c - Mephitic Cloud                 Conjuration/Poison/Air       3
   d - Olgreb's Toxic Radiance        Poison                       4
   e - Venom Bolt                     Conjuration/Poison           5
 C - a Necronomicon

   Spells                             Type                      Level
   a - Haunt                          Necromancy/Summoning         7
   b - Borgnjor's Revivification      Necromancy                   8
   c - Death's Door                   Charms/Necromancy            8
   d - Necromutation                  Transmutation/Necromancy     8
Comestibles
 f - 4 bread rations
 v - a meat ration
 O - 2 chunks of flesh


   Skills:
 - Level 5.6 Fighting
 + Level 6.4 Short Blades
 + Level 3.8 Throwing
 * Level 6.2 Dodging
 + Level 11.8 Stealth
 + Level 4.2 Spellcasting
 - Level 3.7 Conjurations
 - Level 3.0 Poison Magic
 + Level 2.6 Evocations


You had 16 spell levels left.
You knew the following spells:

 Your Spells              Type           Power        Failure   Level  Hunger
a - Sting                 Conj/Pois      #...         4%          1    None


Dungeon Overview and Level Annotations

Branches:
Dungeon (10/15)            Temple (1/1) D:7
   Lair: D:8-11         Orc: D:9-12

Altars:
Ashenzari
Cheibriados
Dithmenos
Elyvilon
Fedhas
Gozag
Kikubaaqudgha
Makhleb
Nemelex Xobeh
Okawaru
Pakellas
Qazlal
Ru
Sif Muna
Trog
Vehumet
Xom
Yredelemnul
Zin
The Shining One

Shops:
D:4 !*![}   D:7 ?

Annotations:
D:2 Crazy Yiuf
D:4 exclusion: slave, junkhipster's ghost, novice GrFi
D:5 Galewind's ghost, novice DECj


Innate Abilities, Weirdness & Mutations

You cannot wear most types of armour.
You are amphibious.
You can wear up to eight rings at the same time.
You can use your tentacles to constrict eight enemies at once.
Your skin changes colour to match your surroundings (Stealth).
Your rubbery body absorbs attacks (AC +1).
You are clumsy. (Dex -2)
Your spells are a little easier to cast, but a little less powerful.


Message History

The ice beast hits you. The ice beast freezes you!
* * * LOW HITPOINT WARNING * * *
You hit the ice beast.
You kill the ice beast!
Dithmenos accepts your kill.
Evoke which item? (* to show all) (? for menu, Esc to quit)
Zapping:
E - a wand of lightning (5/15)
Press: ? - help, Shift-Dir - straight line You hear a mighty clap of thunder!
The bolt of lightning misses the troll.
This wand has 4 charges left.
The troll barely misses you. The troll misses you. x2
You hit the troll. You squeeze the troll!
The troll is severely wounded.
You hit the troll.
The troll is severely wounded.
You hear the faint creaking of a distant portcullis.
The troll bites you!
* * * LOW HITPOINT WARNING * * *
The troll claws you but does no damage. The troll claws you!
You die...

########## #........# #########
#........# #....>..#
#....รท...########### #.......#
#........'.....@T..#####.......#
+........#########.....'.......#
#........# #######.......#
#........# #.......# #........#
#.......# #........# #.......'
#####+#### #.......# ###..####
#.##


You could see a troll.

Vanquished Creatures
  Joseph (D:7)
  A two-headed ogre (D:8)
  Prince Ribbit (D:7)
  2 hippogriffs (D:8)
  Edmund (D:5)
  An orc warrior (D:8)
  3 ice beasts
  2 sky beasts
  2 black bears
  2 ogres
  3 centaurs
  3 big kobolds
  6 giant frogs
  A gnoll sergeant (D:8)
  A water moccasin zombie (D:6)
  A scorpion (D:6)
  A water moccasin skeleton (D:6)
  An oklob sapling (D:7)
  8 wights (D:9)
  5 howler monkeys
  A centaur zombie (D:10)
  3 centaur skeletons
  4 jellies
  A giant frog skeleton (D:7)
  5 hounds
  4 orc wizards
  Jessica (D:1)
  Ijyb (D:3)
  Natasha (twice) (D:2)
  3 iguanas
  6 worker ants
  A hound zombie (D:5)
  3 hound skeletons
  2 worker ant zombies
  Robin (D:2)
  5 gnolls (D:8)
  13 adders
  A shadow imp (D:6)
  An ooze (D:1)
  An adder zombie (D:6)
  2 adder skeletons
  5 worms
  3 dart slugs (D:1)
  3 giant geckos
  19 orcs
  7 bats
  7 giant cockroaches
  18 goblins
  9 hobgoblins
  14 jackals
  6 quokkas
  A ball python (D:2)
  A giant gecko zombie (D:7)
  5 giant newts
  A jackal zombie (D:8)
  25 kobolds
  5 rats
  A plant (D:7)
237 creatures vanquished.

Vanquished Creatures (others)
  An orc (D:3)
1 creature vanquished.

Grand Total: 238 creatures vanquished

Notes
Turn   | Place    | Note
--------------------------------------------------------------
     0 | D:1      | Puuhinen the Octopode Assassin began the quest for the Orb.
     0 | D:1      | Reached XP level 1. HP: 14/14 MP: 1/1
   120 | D:1      | Reached XP level 2. HP: 19/19 MP: 2/2
   216 | D:1      | Reached skill level 6 in Stealth
   262 | D:1      | You fall through a shaft!
   276 | D:2      | Noticed Jessica
   288 | D:1      | Killed Jessica
   288 | D:1      | Reached XP level 3. HP: 4/24 MP: 3/3
   794 | D:1      | Reached XP level 4. HP: 29/29 MP: 4/4
   801 | D:1      | Reached skill level 7 in Stealth
  1525 | D:2      | Noticed Natasha
  1529 | D:2      | Killed Natasha
  1737 | D:2      | Found a glowing silver altar of Zin.
  1856 | D:2      | Reached XP level 5. HP: 34/34 MP: 5/5
  1860 | D:2      | Noticed Natasha
  1871 | D:2      | Killed Natasha
  1969 | D:2      | Noticed Robin
  2107 | D:2      | Reached skill level 8 in Stealth
  2214 | D:2      | Noticed Crazy Yiuf
  2478 | D:2      | Killed Robin
  2652 | D:3      | Noticed Ijyb
  2669 | D:3      | Killed Ijyb
  2669 | D:3      | Reached XP level 6. HP: 34/39 MP: 6/6
  2944 | D:3      | Found an opulent altar of Gozag.
  2949 | D:3      | Reached skill level 9 in Stealth
  3387 | D:3      | Reached XP level 7. HP: 45/45 MP: 7/7
  3443 | D:3      | Found a radiant altar of Vehumet.
  3443 | D:3      | Found a snail-covered altar of Cheibriados.
  3651 | D:4      | Noticed junkhipster's ghost (novice GrFi)
  3698 | D:4      | Found Ylopetot's Gadget Boutique.
  3796 | D:4      | Found Ovaucis's Antique Armour Emporium.
  3873 | D:4      | Learned a level 1 spell: Sting
  3915 | D:4      | Found Zojaehes's General Store.
  3919 | D:4      | Found Itycicyt's Distillery.
  3929 | D:4      | Bought a potion of heal wounds for 60 gold pieces
  3929 | D:4      | Bought a potion of heal wounds for 60 gold pieces
  4036 | D:4      | Found Xymn's Distillery.
  4124 | D:4      | Bought a potion of degeneration for 13 gold pieces
  4124 | D:4      | Bought a potion of curing for 39 gold pieces
  4564 | D:5      | Entered Level 5 of the Dungeon
  4620 | D:5      | Noticed Galewind's ghost (novice DECj)
  4697 | D:5      | Noticed Edmund
  4724 | D:5      | Reached skill level 1 in Spellcasting
  4954 | D:5      | Killed Edmund
  5187 | D:5      | Found a sacrificial altar of Ru.
  5756 | D:5      | Reached skill level 1 in Poison Magic
  5762 | D:5      | Reached XP level 8. HP: 36/52 MP: 10/10
  6260 | D:6      | Found a sand-covered staircase.
  6773 | D:6      | Reached skill level 10 in Stealth
  6964 | D:6      | Reached skill level 1 in Conjurations
  7272 | D:7      | Found Biviohac's Magic Scroll Emporium.
  7279 | D:7      | Bought a scroll of identify for 20 gold pieces
  7279 | D:7      | Bought a scroll of identify for 20 gold pieces
  7295 | D:7      | Found a staircase to the Ecumenical Temple.
  7323 | D:7      | Noticed Joseph
  7523 | D:7      | Killed Joseph
  7523 | D:7      | Reached XP level 9. HP: 39/59 MP: 11/11
  7838 | D:7      | Reached skill level 5 in Short Blades
  7862 | D:7      | Noticed Prince Ribbit
  7896 | D:7      | Found a basalt altar of Yredelemnul.
  7919 | D:7      | Found a sparkling altar of Nemelex Xobeh.
  8219 | D:7      | Bought a scroll of identify for 20 gold pieces
  8219 | D:7      | Bought a scroll of identify for 20 gold pieces
  8260 | D:7      | Reached skill level 5 in Fighting
  8260 | D:7      | Reached skill level 1 in Evocations
  8365 | D:7      | Killed Prince Ribbit
  8438 | D:7      | Reached skill level 5 in Dodging
  8470 | Temple   | Entered the Ecumenical Temple
  8735 | Temple   | Became a worshipper of Dithmenos the Shadowed
  8858 | D:8      | Reached skill level 11 in Stealth
  9979 | D:8      | Noticed a two-headed ogre
 10386 | D:8      | Reached XP level 10. HP: 13/66 MP: 14/14
 11656 | D:9      | Found a shattered altar of Ashenzari.
 11808 | D:9      | Reached * piety under Dithmenos
 12280 | D:10     | Entered Level 10 of the Dungeon
 12363 | D:10     | Gained mutation: Your spells are a little easier to cast, but a little less powerful. [potion of mutation]
 12363 | D:10     | Gained mutation: You are clumsy. (Dex -2) [potion of mutation]
 12388 | D:10     | Slain by a troll

Skill      XL: |  1  2  3  4  5  6  7  8  9 10 |
---------------+-------------------------------+-----
Stealth        | 6 7 8 9 10 11 | 11.8
Dodging        | 2 3 4 5 6 |  6.2
Short Blades   | 3 4 5 6 |  6.4
Throwing       | 3 |  3.8
Fighting       | 3 4 5 |  5.6
Spellcasting   | 1 3 4 |  4.2
Poison Magic   | 1 3 |  3.0
Conjurations   | 3 |  3.7
Evocations     | 2 |  2.6

Action                   |  1- 3 |  4- 6 |  7- 9 | 10-12 || total
-------------------------+-------+-------+-------+-------++-------
Melee: Dagger            |    24 |   131 |   260 |    97 ||   512
       Constrict         |     4 |    22 |    55 |    11 ||    92
       Tentacles         |     2 |    24 |    59 |    23 ||   108
 Fire: Blowgun           |    12 |    36 |    71 |    32 ||   151
Throw: Tomahawk          |       |       |     5 |     2 ||     7
 Cast: Sting             |       |       |     2 |     3 ||     5
Evoke: Wand              |       |       |     5 |     4 ||     9
  Use: Scroll            |       |     3 |     8 |     2 ||    13
       Potion            |       |       |     3 |     1 ||     4
 Stab: Sleeping          |     5 |    26 |    29 |    15 ||    75
       Paralysed         |       |       |     3 |     1 ||     4
       Distracted        |       |       |     1 |     1 ||     2
  Eat: Chunk             |       |     8 |     9 |       ||    17
       Fruit             |       |       |     6 |     3 ||     9
       Beef jerky        |       |       |     3 |       ||     3
       Royal jelly       |       |       |     1 |       ||     1
       Meat ration       |       |       |       |     1 ||     1
Armor: Skin              |     1 |     3 |    10 |     3 ||    17
Dodge: Dodged            |     8 |    35 |   107 |    39 ||   189
